 Dungeon Crawl Stone Soup version 0.19.1-1-g22dce08 (webtiles) character file.

72 N00B the Poker (level 4, -2/33 HPs)
             Began as a Mummy Gladiator on Jan 1, 2017.
             Slain by a goblin
             ... wielding a +1 dagger of electrocution
              (9 damage)
             ... on level 2 of the Dungeon.
             The game lasted 00:01:45 (1604 turns).

N00B the Poker (Mummy Gladiator)                    Turns: 1604, Time: 00:01:46

Health: -2/33      AC: 14    Str: 19    XL:     4   Next: 7%
Magic:  4/4        EV:  6    Int:  7    God:
Gold:   68         SH:  0    Dex: 12    Spells: 0 memorised, 3 levels left

rFire  x . .     SeeInvis .     i - +0 halberd
rCold  + . .     Gourm    .     g - +0 plate armour
rNeg   + + +     Faith    .     (shield currently unavailable)
rPois  ∞         Spirit   .     c - +1 helmet
rElec  .         Reflect  .     (no cloak)
rCorr  .         Harm     .     (no gloves)
MR     .....                    f - +1 pair of boots
Stlth  ..........               (no amulet)
                                (no ring)
                                (no ring)

@: no status effects
A: no food or potions, fire vulnerability, cold resistance 1, negative energy
resistance 3, torment resistance, unbreathing
a: no special abilities


You were on level 2 of the Dungeon.
You were not hungry.

You visited 1 branch of the dungeon, and saw 2 of its levels.

You collected 68 gold pieces.

Inventory:

Hand Weapons
 a - a +0 trident
 i - a +0 halberd (weapon)
Missiles
 d - 3 throwing nets (quivered)
Armour
 b - a +0 leather armour
 c - a +1 helmet (worn)
 f - a +1 pair of boots (worn)
 g - a +0 plate armour (worn)
Scrolls
 e - a scroll of identify
 h - a scroll of magic mapping {unknown}
 j - a scroll of recharging
 k - a scroll of random uselessness {unknown}
 l - a scroll of noise


   Skills:
 + Level 2.2 Fighting
 * Level 3.5 Polearms
 - Level 1.5 Throwing
 + Level 0.4 Armour
 + Level 2.9 Dodging


You had 3 spell levels left.
You didn't know any spells.

Dungeon Overview and Level Annotations

Branches:
Dungeon (2/15)

Altars:
Dithmenos


Innate Abilities, Weirdness & Mutations

You do not eat or drink.
Your flesh is vulnerable to fire.
You are immune to poison.
Your flesh is cold resistant. (rC+)
You are immune to negative energy. (rN+++)
You are immune to unholy pain and torment.
You can survive without breathing.


Message History

You closely miss the goblin. The goblin hits you but does no damage.
Your plate armour prevents you from hitting the goblin.
The goblin hits you but does no damage.
A goblin is nearby!
You closely miss the goblin. The goblin barely misses you.
The goblin hits you but does no damage.
You are electrocuted!
You hit the goblin.
The goblin is severely wounded.
The goblin hits you but does no damage.
You barely miss the goblin.
The goblin is severely wounded.
The goblin hits you but does no damage.
You are electrocuted!
* * * LOW HITPOINT WARNING * * *
You are too injured to fight recklessly!
You are too injured to fight recklessly!
You are too injured to fight recklessly!
Your plate armour prevents you from hitting the goblin.
The goblin is severely wounded.
The goblin hits you but does no damage.
You are electrocuted!
You die...

### .. ...... ..
#.#..# #. #.#..# #.
# #.#..###'###.#
#.#..###_g@†.#
#.#..###'###.#
#.#..# #.# #
...####....###.###.#
........#..........#
..#####.#...########
..# #<##### ..# #.#
..#####.######


You could see a goblin.

Vanquished Creatures
  A gnoll (D:1)
  2 adders (D:2)
  2 worms (D:2)
  6 bats
  A giant cockroach (D:2)
  6 goblins
  3 hobgoblins
  5 jackals (D:1)
  4 kobolds
  A quokka (D:2)
  A ball python (D:2)
  2 frilled lizards
  5 rats
39 creatures vanquished.

Notes
Turn   | Place    | Note
-------+----------+-------------------------------------------
     0 | D:1      | N00B the Mummy Gladiator began the quest for the Orb.
     0 | D:1      | Reached XP level 1. HP: 16/16 MP: 1/1
   232 | D:1      | Reached XP level 2. HP: 14/22 MP: 2/2
   892 | D:1      | Reached skill level 3 in Polearms
  1100 | D:1      | Reached XP level 3. HP: 26/27 MP: 3/3
  1552 | D:2      | Reached XP level 4. HP: 33/33 MP: 4/4
  1590 | D:2      | Found a shadowy altar of Dithmenos.
  1604 | D:2      | Slain by a goblin

Skill      XL: |  1  2 |
---------------+-------+-----
Polearms       | 3 |  3.5
Fighting       | |  2.2
Throwing       | |  1.5
Armour         | |  0.4
Dodging        | |  2.9

Action                   |  1- 3 |  4- 6 || total
-------------------------+-------+-------++-------
Melee: Trident           |    36 |       ||    36
       Halberd           |   156 |    17 ||   173
  Use: Scroll            |     4 |       ||     4
Armor: Leather armour    |    15 |       ||    15
       Plate armour      |   138 |    18 ||   156
Dodge: Dodged            |    93 |    10 ||   103
